 Dungeon Crawl Stone Soup version 0.32-a0-699-g1ee5eff69a (webtiles) character file.

Game seed: 12103494194898461914

30 javelincjr the Trooper (level 3, 0/29 HPs)
             Began as a Demonspawn Monk on Mar 13, 2024.
             Slain by a gnoll
             ... wielding a +0 flail
              (9 damage)
             ... on level 2 of the Dungeon.
             The game lasted 00:02:21 (945 turns).

javelincjr the Trooper (Demonspawn Monk)             Turns: 945, Time: 00:02:22

Health: 0/29       AC:  2    Str: 13    XL:     3   Next: 3%
Magic:  3/3        EV: 12    Int: 10    God:
Gold:   77         SH:  0    Dex: 15    Spells: 2/2 levels left

rFire   . . .        a - +0 spear
rCold   . . .        d - orb {light}
rNeg    . . .        b - +0 robe
rPois   .            (helmet restricted)
rElec   .            (no cloak)
rCorr   .            (no gloves)
SInv    .            (no boots)
Will    .....        (no amulet)
Stlth   +            (no ring)
HPRegen 0.24/turn    (no ring)
MPRegen 0.08/turn

%: no passive effects
@: glowing
A: antennae 1, foul stench 1
a: no special abilities


You were on level 2 of the Dungeon.
You visited 1 branch of the dungeon, and saw 2 of its levels.

You collected 77 gold pieces.

Inventory:

Hand Weapons
 a - a +0 spear (weapon)
Missiles
 g - 3 poisoned darts (quivered)
Armour
 b - a +0 robe (worn)
 d - an orb of light (worn)
Talismans
 e - a storm talisman
 j - a serpent talisman
Scrolls
 h - a scroll of identify {unknown}
 l - a scroll of silence {unknown}
 n - a scroll of poison {unknown}
 o - a scroll of amnesia {unknown}
Potions
 c - a potion of ambrosia
 f - 2 potions of curing {unknown}
 i - a potion of brilliance {unknown}
 k - a potion of enlightenment {unknown}
 m - a potion of lignification {unknown}


   Skills:
 * Level 3.5 Fighting
 + Level 2.9 Polearms
 + Level 2.9 Dodging
 * Level 0.9 Shapeshifting


You had 2 spell levels left.
You didn't know any spells.
Your spell library contained the following spells:

 Spells                   Type           Power      Damage    Failure   Level
 Call Imp                 Summ           0%         N/A       50%         2
 Sublimation of Blood     Necr           0%         N/A       50%         2
 Summon Hydra             Summ           0%         N/A       100%        7


Dungeon Overview and Level Annotations

Branches:
Dungeon (2/15)

Altars:


Innate Abilities, Weirdness & Mutations

You have a pair of small antennae on your head.
You may rarely emit foul miasma when damaged in melee.


Message History

No target in view!
A gnoll comes into view. It is wielding a +0 flail.
The gnoll shouts!
Found an escape hatch in the ceiling.
A gnoll comes into view. It is wielding a +0 spear.
A ribbon worm comes into view.
The gnoll shouts!
You hear a shout!
A gnoll comes into view. It is wielding a +0 flail.
You hear a bark!
You reach to attack!
You hit the gnoll.
The gnoll is moderately wounded.
You hit the gnoll but do no damage.
The gnoll is moderately wounded.
You barely miss the gnoll.
The gnoll is moderately wounded.
The gnoll barely misses you. The gnoll closely misses you.
You hit the gnoll but do no damage.
The gnoll is moderately wounded.
The gnoll misses you. The gnoll barely misses you. The gnoll barely misses you.
The gnoll attacks as it pursues you! The gnoll hits you with a +0 flail!
You hit the gnoll.
The gnoll is lightly wounded.
You hit the gnoll.
The gnoll is lightly wounded.
The gnoll closely misses you.
You hit the gnoll.
The gnoll is moderately wounded.
The gnoll completely misses you. The gnoll barely misses you.
You hit the gnoll.
The gnoll is heavily wounded.
The gnoll closely misses you. The gnoll hits you with a +0 flail.
The ribbon worm bites you.
* * * LOW HITPOINT WARNING * * *
You don't know any spells.
Unknown command.
You hit the gnoll but do no damage.
The gnoll is heavily wounded.
The gnoll hits you with a +0 flail!
You die...

... ### .....
..############ .....
..#..........# .....
.>#..........# ##..# .
..#..........# ###..# ..
..#>.........# #.g..##.....
..#.........)# #@g.........
.....†>......####w#.#..<...
.............#..{.#.#......
....................w$.....
#########.#############....
#.# . #.# ^# .# #


You could see a ribbon worm and 2 gnolls.

Vanquished Creatures
  A dart slug (D:1)
  5 ball pythons
  2 endoplasms (D:1)
  3 giant cockroaches
  2 goblins (D:1)
  3 hobgoblins (D:1)
  3 bats
  A frilled lizard (D:2)
  3 kobolds (D:1)
  A rat (D:1)
24 creatures vanquished.

Notes
Turn   | Place    | Note
-------+----------+-------------------------------------------
     0 | D:1      | javelincjr the Demonspawn Monk began the quest for the Orb.
     0 | D:1      | Reached XP level 1. HP: 18/18 MP: 1/1
     9 | D:1      | Noticed a bullfrog
   156 | D:1      | Gained mutation: You may rarely emit foul miasma when
                  | damaged in melee. [demonic ancestry]
   156 | D:1      | Reached XP level 2. HP: 24/24 MP: 2/2
   907 | D:2      | Gained mutation: You have a pair of small antennae on your
                  | head. [demonic ancestry]
   907 | D:2      | Reached XP level 3. HP: 29/29 MP: 3/3
   945 | D:2      | Slain by a gnoll

Illustrated notes

Levels and vault maps discovered:
D:1:      evilmike_arrival_come_back, layout_basic
D:2:      cheibrodos_greedy_goblins, layout_rooms, basic_altar,
          roderic_lattice_a

Action                     || total
---------------------------++-------
  Melee: Spear             ||    75
 Armour: Robe              ||    28
  Dodge: Dodged            ||    29

Table legend: (Time is in decaauts)
 A = Elapsed time spent in this place.
 B = Non-inter-level travel time spent in this place.
 C = Inter-level travel time spent in this place.
 D = Time resting spent in this place.
 E = Time spent auto-exploring this place.
 F = Levels seen in this place.
 G = Mean time per level.
                   A        B        C        D        E       F      G
               +--------+--------+--------+--------+--------+-----+--------+
         Total |    941 |    891 |     50 |      0 |    733 |   2 |  470.5 |
       Dungeon |    941 |    891 |     50 |      0 |    733 |   2 |  470.5 |
               +--------+--------+--------+--------+--------+-----+--------+

Top non-repeatable levels by time:
     D:1: 820 daAuts
     D:2: 121 daAuts
